 Dungeon Crawl Stone Soup version 0.23-a0-577-g2b1de94 (webtiles) character file.

4907 Jawreze the Basher (level 10, -5/56 HPs)
             Began as a Gargoyle Fighter on Dec 14, 2018.
             Was an Initiate of the Shining One.
             Slain by Snorg (13 damage)
             ... on level 10 of the Dungeon on Dec 15, 2018.
             The game lasted 00:21:30 (11694 turns).

Jawreze the Basher (Gargoyle Fighter)              Turns: 11694, Time: 00:21:30

Health: -5/56      AC: 25    Str: 20    XL:     10   Next: 51%
Magic:  10/10      EV: 10    Int: 12    God:    the Shining One [......]
Gold:   369        SH:  5    Dex:  9    Spells: 9/9 levels left

rFire    + . .     SeeInvis .   z - +1 mace (protect)
rCold    . . .     Gourm    .   E - +0 buckler
rNeg     + . .     Faith    .   e - +3 ring mail {rF+}
rPois    ∞         Spirit   .   (no helmet)
rElec    +         Reflect  .   v - +0 cloak
rCorr    .         Harm     .   l - +0 pair of gloves
MR       .....                  (no boots)
Stlth    ..........             (no amulet)
HPRegen  0.18/turn              (no ring)
MPRegen  0.12/turn              (no ring)

@: protection aura, very slightly contaminated, glowing
A: negative energy resistance 1, electricity resistance, unbreathing,
petrification resistance, rot immunity, AC +7
a: Renounce Religion


You were on level 10 of the Dungeon.
You worshipped the Shining One.
The Shining One was noncommittal.
You were very hungry.

You visited 2 branches of the dungeon, and saw 11 of its levels.

You collected 369 gold pieces.

Inventory:

Hand Weapons
 a - a +0 flail
 d - a +0 blowgun
 z - a +1 mace of protection (weapon)
 Q - a +1 dagger of venom
Missiles
 n - a throwing net
 r - 2 poisoned javelins (quivered)
 w - 84 poisoned needles
Armour
 c - a +0 shield
 e - a +3 ring mail of fire resistance (worn)
 l - a +0 pair of gloves (worn)
 q - a +0 buckler
 v - a +0 cloak (worn)
 E - a +0 buckler (worn)
Jewellery
 A - a +2 amulet of reflection {unknown}
Wands
 u - a wand of polymorph (13)
 y - a wand of paralysis (11)
 H - a wand of flame (38)
 P - a wand of iceblast (1)
Scrolls
 b - a scroll of immolation
 i - a scroll of amnesia
 B - a scroll of enchant armour
 D - a scroll of magic mapping
 F - a scroll of blinking
 J - 2 scrolls of fog
 K - a scroll of teleportation
 M - a scroll of identify
 N - a scroll of remove curse
Potions
 g - 2 potions of cancellation
 h - 2 potions of flight
 j - 4 potions of curing
 k - a potion of berserk rage
 m - a potion of resistance
 o - 3 potions of invisibility
 p - a potion of lignification
 s - 2 potions of heal wounds
 t - a potion of magic
 x - 2 potions of brilliance
 C - a potion of mutation {unknown}
Comestibles
 f - 26 rations


   Skills:
 - Level 3.7 Fighting
 * Level 12.7 Maces & Flails
 - Level 3.7 Armour
 + Level 9.0 Shields


You had 9 spell levels left.
You didn't know any spells.
Your spell library contained the following spells:

 Spells                   Type           Power        Failure   Level  Hunger
 Animate Skeleton         Necr           N/A          47%         1    ##.....
 Apportation              Tloc           #.....       47%         1    ##.....
 Confusing Touch          Hex            #.....       47%         1    ##.....
 Corona                   Hex            #......      47%         1    ##.....
 Summon Small Mammal      Summ           #...         47%         1    ##.....
 Ensorcelled Hibernation  Hex/Ice        #.....       63%         2    ###....
 Confuse                  Hex            #.......     85%         3    ####...
 Dazzling Spray           Conj/Hex       #.....       85%         3    ####...
 Tukima's Dance           Hex            #.......     85%         3    ####...


Dungeon Overview and Level Annotations

Branches:
Dungeon (10/15)            Temple (1/1) D:6
   Lair: D:8-11         Orc: D:9-12

Altars:
Ashenzari
Cheibriados
Dithmenos
Elyvilon
Fedhas
Gozag
Hepliaklqana
Kikubaaqudgha
Makhleb
Nemelex Xobeh
Okawaru
Qazlal
Ru
Sif Muna
Trog
Uskayaw
Vehumet
Wu Jian
Xom
Yredelemnul
Zin
The Shining One

Annotations:
D:5 3 runed doors, Leeroy's ghost, novice GnSk
D:10 Snorg


Innate Abilities, Weirdness & Mutations

You are resistant to torment.
Your stone body is resilient. (AC +7)
You are immune to poison.
You resist negative energy. (rN+)
You are resistant to electric shocks. (rElec)
You can survive without breathing.
You are immune to petrification.
You are immune to rotting.


Message History

Press: ? - help, Shift-Dir - straight line, f/p - Snorg
Aim: Snorg (heavily wounded, berserk, fast, unusually strong)
The mass of ice explodes!
The iceblast engulfs Snorg.
Snorg is heavily wounded.
A worker ant comes into view.
Evoke which item? (* to show all) (? for menu, Esc to quit)
Aiming: Iceblast
Press: ? - help, Shift-Dir - straight line, f/p - Snorg
Aim: Snorg (heavily wounded, berserk, fast, unusually strong)
The mass of ice explodes!
The iceblast engulfs Snorg.
Snorg is severely wounded.
Snorg barely misses you. Snorg claws you but does no damage. Snorg claws you!
* * * LOW HITPOINT WARNING * * *
You hit Snorg.
Your weapon exudes an aura of protection.
Snorg is severely wounded.
Snorg bites you!
* * * LOW HITPOINT WARNING * * *
Snorg claws you but does no damage. Snorg claws you!
You die...

#.....#...#
##......#
###..####
#....###
#...(...#
#..a.#
#.......#
#.†..#
#.......#>
#....#
##<........
#....#
#........#
#..T.#
#........#
#..@.#
#........#
###.##
#.<......# #..#
##........#
#.##
#.........# #.#
#.######### #.#
####.#
######.###....#
#..........####
#..........#


You could see Snorg (berserk) and a worker ant.

Vanquished Creatures
  Joseph (D:9)
  A hornet (D:9)
  2 hippogriffs (D:8)
  A wyvern (D:9)
  A water moccasin (D:7)
  3 phantoms
  4 sky beasts
  4 ogres
  A black bear (D:8)
  2 centaurs
  A crocodile (D:8)
  2 big kobolds
  3 bullfrogs
  6 scorpions
  3 killer bees (D:9)
  5 wights (D:8)
  2 howler monkeys
  2 bullfrog zombies
  2 crimson imps
  5 hounds
  An orc priest (D:5)
  3 jellies
  9 orc wizards
  A bullfrog skeleton (D:6)
  A gnoll shaman (D:9)
  Natasha (thrice) (D:3)
  4 iguanas
  8 worker ants
  11 adders
  5 gnolls
  A howler monkey skeleton (D:4)
  2 shadow imps
  5 oozes
  An adder zombie (D:5)
  3 adder skeletons
  2 worms
  5 dart slugs
  6 leopard geckos
  45 orcs
  11 bats
  6 giant cockroaches
  7 goblins
  11 hobgoblins
  4 jackals
  6 quokkas
  2 ball pythons
  5 frilled lizards
  A jackal skeleton (D:5)
  15 kobolds
  A leopard gecko skeleton (D:8)
  8 rats
244 creatures vanquished.

Vanquished Creatures (others)
  A fungus (D:8)
1 creature vanquished.

Grand Total: 245 creatures vanquished

Notes
Turn   | Place    | Note
-------+----------+-------------------------------------------
     0 | D:1      | Jawreze the Gargoyle Fighter began the quest for the Orb.
     0 | D:1      | Reached XP level 1. HP: 14/14 MP: 1/1
   124 | D:1      | Reached XP level 2. HP: 12/19 MP: 2/2
   522 | D:1      | Reached XP level 3. HP: 23/23 MP: 3/3
  1127 | D:2      | Reached skill level 3 in Maces & Flails
  1127 | D:2      | Reached XP level 4. HP: 28/29 MP: 4/4
  1758 | D:2      | Found a hide-covered altar of Uskayaw.
  2187 | D:3      | Found a shattered altar of Ashenzari.
  2192 | D:3      | Reached XP level 5. HP: 33/33 MP: 5/5
  2359 | D:3      | Reached skill level 4 in Maces & Flails
  2450 | D:3      | Reached skill level 5 in Maces & Flails
  2619 | D:3      | Reached XP level 6. HP: 38/38 MP: 6/6
  3116 | D:3      | Found a snail-covered altar of Cheibriados.
  3644 | D:4      | Reached skill level 6 in Maces & Flails
  3685 | D:4      | Noticed Natasha
  3820 | D:3      | Killed Natasha
  3986 | D:3      | Noticed Natasha
  3993 | D:3      | Killed Natasha
  3993 | D:3      | Reached XP level 7. HP: 24/42 MP: 7/7
  4010 | D:3      | Noticed Natasha
  4026 | D:3      | Killed Natasha
  4207 | D:4      | Reached skill level 7 in Maces & Flails
  4702 | D:5      | Entered Level 5 of the Dungeon
  4798 | D:5      | Reached skill level 8 in Maces & Flails
  5087 | D:5      | Found a runed gate.
  5087 | D:5      | Found a runed gate.
  5087 | D:5      | Found a runed gate.
  5105 | D:5      | Reached XP level 8. HP: 48/48 MP: 8/8
  5379 | D:5      | Noticed Leeroy's ghost (novice GnSk)
  5469 | D:5      | Got a fine dagger
  5470 | D:5      | Identified the +2 dagger of the Forest {pain, Str+6 Int+4}
                  | (You found it on level 5 of the Dungeon)
  5521 | D:5      | Reached skill level 9 in Maces & Flails
  5558 | D:5      | Reached skill level 5 in Shields
  6158 | D:6      | Noticed a two-headed ogre
  6416 | D:5      | Reached skill level 10 in Maces & Flails
  6416 | D:5      | Reached XP level 9. HP: 30/52 MP: 9/9
  6860 | D:6      | Found a staircase to the Ecumenical Temple.
  6871 | Temple   | Entered the Ecumenical Temple
  8337 | D:7      | Found a deep blue altar of Sif Muna.
  9386 | D:8      | Reached skill level 11 in Maces & Flails
 10234 | D:8      | Found the +7 Singing Sword {slice, sonic wave}
 10245 | D:8      | Reached XP level 10. HP: 46/56 MP: 10/10
 10359 | D:9      | Found a snail-covered altar of Cheibriados.
 10398 | D:9      | Found a blossoming altar of Fedhas.
 10420 | D:9      | Reached skill level 12 in Maces & Flails
 10543 | D:9      | Found a glowing golden altar of the Shining One.
 10596 | D:9      | Became a worshipper of the Shining One
 11086 | D:9      | Noticed Joseph
 11118 | D:9      | Killed Joseph
 11593 | D:10     | Entered Level 10 of the Dungeon
 11670 | D:10     | Noticed Snorg
 11694 | D:10     | Slain by Snorg

Vault maps used:
D:1:      onia_arrival_mini_spirals, nrook_mini_backslash,
          minmay_small_reverse_x
D:2:      eat_drink_and_be_merry_uskayaw, minivault_14, grunt_decor_arrowhead,
          serial_bayou_ford_a
D:3:      evilmike_ruin_ashenzari, nicolae_overflow_crystal_walls,
          kennysheep_generic_room_12
D:4:      uniq_natasha
D:5:      gammafunk_ghost_icy, first_ration, chequers_mini_garden
D:6:      minmay_temple_entry_antechambers, mumra_transporter_accident,
          minmay_fractal_squares_5
D:7:      led_sif_pool, grunt_ogre_cave
D:8:      old_forge
D:9:      tso_metal_star, fedhas_altar_1, cheibriados_altar_1, uniq_joseph
D:10:     uniq_snorg, uniq_nergalle, uniq_grum
Temple:   compressed_dpeg_circular_temple

Skill      XL: |  1  2  3  4  5  6  7  8  9 10 |
---------------+-------------------------------+-----
Maces & Flails | 3 5 6 8 10 11 12 | 12.7
Shields        | 4 6 8 9 |  9.0
Fighting       | |  3.7
Armour         | |  3.7

Action                   |  1- 3 |  4- 6 |  7- 9 | 10-12 || total
-------------------------+-------+-------+-------+-------++-------
Melee: Flail             |   118 |   301 |   629 |   201 ||  1249
       Mace              |       |       |    25 |    24 ||    49
       Dagger            |       |       |     6 |       ||     6
 Fire: Blowgun           |       |       |     4 |       ||     4
Evoke: Wand              |       |       |     4 |     7 ||    11
  Use: Potion            |       |     1 |       |     1 ||     2
       Scroll            |       |       |    16 |     5 ||    21
 Stab: Paralysed         |       |       |     6 |       ||     6
  Eat: Chunk             |     1 |     9 |    15 |     3 ||    28
       Ration            |       |       |     2 |       ||     2
Armor: Ring mail         |    66 |   164 |   305 |   117 ||   652
Dodge: Dodged            |    24 |   132 |   230 |    63 ||   449
Block: Shield            |    89 |    21 |       |       ||   110
       Buckler           |       |    41 |   101 |    49 ||   191

Table legend:
 A = Non-vault XP
 B = Vault XP
 C = Vault XP percentage of total XP
 D = Non-vault monster count
 E = Vault monster count
 F = Vault count percentage of total count
                 A         B        C        D         E       F
            +---------+---------+-------+---------+---------+-------
      Total |    5899 |    1111 |  15.8 |     220 |      24 |   9.8
            +---------+---------+-------+---------+---------+-------
        D:1 |      57 |      11 |  16.2 |      29 |       4 |  12.1
        D:2 |      78 |       0 |   0.0 |      17 |       0 |   0.0
        D:3 |     398 |      38 |   8.7 |      46 |       2 |   4.2
        D:4 |     397 |       0 |   0.0 |      20 |       0 |   0.0
        D:5 |    1169 |       0 |   0.0 |      35 |       0 |   0.0
        D:6 |     241 |     139 |  36.6 |       7 |       4 |  36.4
        D:7 |     204 |     121 |  37.2 |       5 |       1 |  16.7
        D:8 |    1824 |     357 |  16.4 |      36 |      12 |  25.0
        D:9 |    1359 |     445 |  24.7 |      23 |       1 |   4.2
       D:10 |     172 |       0 |   0.0 |       2 |       0 |   0.0
            +---------+---------+-------+---------+---------+-------
